 Dungeon Crawl Stone Soup version 0.31-a0-845-g9abc20d24f (webtiles) character file.

Game seed: 7032567903920238205

1342 Xavori the Covert (level 8, 0/54 HPs)
             Began as an Octopode Chaos Knight on Oct 2, 2023.
             Was a Plaything of Xom.
             Slain by a gnoll sergeant
             ... wielding a +0 trident
              (6 damage)
             ... on level 7 of the Dungeon.
             The game lasted 00:07:03 (14182 turns).

Xavori the Covert (Octopode Chaos Knight)          Turns: 14182, Time: 00:07:04

Health: 0/54       AC:  3    Str:  9 (12) XL:     8   Next: 62%
Magic:  0/9        EV: 14    Int: 19 (21) God:    Xom [*.....]
Gold:   252        SH:  0    Dex: 11 (14) Spells: 10/10 levels left

rFire   x . .        w - +2 short sword (elec)
rCold   + . .        (no shield)
rNeg    . . .        A - +2 hat of the Bear Spirit {Spirit, Bear, *Rage Will++}
rPois   .            (no amulet)
rElec   .            (no ring)
rCorr   .            (no ring)
SInv    .            (no ring)
Will    ++...        (no ring)
Stlth   ++++++       (no ring)
HPRegen 0.29/turn    (no ring)
MPRegen 0.11/turn    (no ring)
                     (no ring)

%: random rage (20%), guardian spirit
@: brilliant, on berserk cooldown
A: almost no armour, amphibious, 8 rings, camouflage 2, gelatinous body 1,
(nimble swimmer 1), tentacles, antennae 1, tentacle spike 2, agile 1, clever 2,
cold resistance 1, low MP 1, sense surroundings 1, strong 1, heat vulnerability
1
a: Renounce Religion


You were on level 7 of the Dungeon.
You worshipped Xom.
You were a special plaything of Xom.
You visited 1 branch of the dungeon, and saw 7 of its levels.

You collected 252 gold pieces.

Inventory:

Hand Weapons
 a - a +0 short sword of chaos
 c - a +3 dagger of venom
 w - a +2 short sword of electrocution (weapon)
Armour
 A - the +2 hat of the Bear Spirit (worn) {Spirit, Bear, *Rage Will++}
   (You found it on level 5 of the Dungeon)

   Bear:      Going berserk makes the wearer exceptionally tough, and they are
   slowed for a shorter time afterward.
   Will++:    It greatly increases your willpower.
   *Rage:     It berserks you when you make melee attacks (+20% chance).
Wands
 g - a wand of digging (6)
 n - a wand of flame (35)
 t - a wand of mindburst (5)
Scrolls
 b - a scroll of butterflies
 d - a scroll of revelation {unknown}
 f - a scroll of enchant armour {unknown}
 h - 6 scrolls of identify {unknown}
 l - a scroll of fog
 m - a scroll of torment {unknown}
 o - 2 scrolls of teleportation {unknown}
 q - 2 scrolls of summoning {unknown}
 v - 2 scrolls of amnesia {unknown}
 x - a scroll of fear {unknown}
 y - a scroll of blinking {unknown}
Potions
 e - 2 potions of degeneration
 i - 2 potions of brilliance
 j - a potion of lignification {unknown}
 k - a potion of heal wounds {unknown}
 p - a potion of might {unknown}
 r - 4 potions of curing {unknown}
 s - 2 potions of haste {unknown}
 u - a potion of enlightenment {unknown}
 z - a potion of attraction {unknown}
 B - a potion of berserk rage {unknown}


   Skills:
 + Level 4.7 Fighting
 + Level 5.2 Short Blades
 + Level 3.8 Dodging
 + Level 9.4 Stealth
 * Level 1.9 Spellcasting
 * Level 3.4 Evocations


You had 10 spell levels left.
You didn't know any spells.
Your spell library contained the following spells:

 Spells                   Type           Power      Damage    Failure   Level
 Ensorcelled Hibernation  Hex/Ice        4%         N/A       26%         2
 Passwall                 Tmut/Erth      1%         N/A       26%         2
 Swiftness                Air            2%         N/A       45%         3


Dungeon Overview and Level Annotations

Branches:
Dungeon (7/15)             Temple (0/1) D:6

Altars:
Dithmenos
Makhleb
Qazlal
Trog
Zin

Shops:
D:2 [

Annotations:
D:3 3 runed translucent doors, Kurtz's ghost, weakling OpFi


Innate Abilities, Weirdness & Mutations

You cannot wear most types of armour.
You are amphibious.
You can wear up to eight rings at the same time.
Your skin blends seamlessly with your surroundings (Stealth++).
Your rubbery body absorbs attacks. (AC +1, EV +1)
((You are camouflaged when in or above water. (Stealth+)))
You have tentacles for arms and can constrict up to eight enemies at once.
You have a pair of small antennae on your head.
One of your tentacles bears a nasty spike.
You are agile. (Dex +4, Str/Int -1)
Your mind is very acute. (Int +8, Str/Dex -2)
Your flesh is cold resistant. (rC+)
Your magical capacity is low. (-10% MP)
You passively map a small area around you.
Your muscles are strong. (Str +4, Int/Dex -1)
You are vulnerable to heat. (rF-)


Message History

The gnoll misses you. The gnoll sergeant barely misses you.
You barely miss the gnoll.
The gnoll shouts! x2
You grab the gnoll. You squeeze the gnoll.
The gnoll is moderately wounded.
You constrict the gnoll. You hit the gnoll but do no damage.
The gnoll is heavily wounded.
You constrict the gnoll, but do no damage.
The gnoll barely misses you.
The gnoll sergeant hits you from afar with a +0 trident.
You hit the gnoll.
You pierce the gnoll.
The gnoll is almost dead.
You constrict the gnoll.
You kill the gnoll!
The gnoll sergeant hits you from afar with a +0 trident.
The gnoll completely misses you. The gnoll hits you with a +0 spear.
The gnoll sergeant hits you with a +0 trident!
You see here a +0 spear.
You hit the gnoll sergeant. The gnoll sergeant blocks your attack.
The gnoll sergeant is lightly wounded.
The gnoll hits you from afar with a +0 spear. x2
The gnoll misses you.
The gnoll sergeant hits you with a +0 trident!
* * * LOW HITPOINT WARNING * * *
Unknown command.
The gnoll barely misses you.
The gnoll sergeant hits you from afar with a +0 trident!
* * * LOW HITPOINT WARNING * * *
The gnoll sergeant attacks as it pursues you!
The gnoll sergeant misses you.
It was a potion of brilliance.
You feel clever all of a sudden.
Xom is highly amused!
The gnoll sergeant misses you.
It was a potion of degeneration.
There was something very wrong with that liquid.
You feel weakened.
You feel dopey.
You feel clumsy.
The gnoll sergeant hits you from afar with a +0 trident!
You die...

**#.....#####.# *
+...........#, * , ,
#.###.....<.... * ,,
#..........#.###############
#####.......................
#...###..###############
##.......#{,* ,{#.<..... *
######.##, ###.#### , * #@#
, #..... * ###.######.#,*
#.#### * .....ggW{g.# ** ###
#......##### * , * ...[...
*, *,* ....... ** ###+### ,
+, * , , ,, * , ,


8 You could see a gnoll sergeant.

Vanquished Creatures
  A sky beast (D:6)
  2 ogres
  2 black bears (D:5)
  A centaur (D:6)
  2 phantoms (D:4)
  A bullfrog (D:6)
  A scorpion (D:6)
  3 hounds
  An orc priest (D:5)
  2 jellies
  Ijyb (D:3)
  A sleepcap (D:6)
  2 iguanas (D:5)
  An orc wizard (D:5)
  8 gnolls
  12 adders
  An ufetubus (D:6)
  A worm (D:2)
  4 dart slugs
  15 orcs
  10 ball pythons
  4 bats
  2 endoplasms
  3 giant cockroaches
  7 goblins
  9 hobgoblins
  2 jackals (D:3)
  2 quokkas
  4 frilled lizards
  7 kobolds
  6 rats
118 creatures vanquished.

Notes
Turn   | Place    | Note
-------+----------+-------------------------------------------
     0 | D:1      | Xavori the Octopode Chaos Knight began the quest for the
                  | Orb.
     0 | D:1      | Reached XP level 1. HP: 16/16 MP: 1/1
   157 | D:1      | Reached XP level 2. HP: 21/21 MP: 2/2
   491 | D:1      | XOM: smoke on damage
   607 | D:1      | Reached XP level 3. HP: 22/26 MP: 3/3
   647 | D:1      | XOM: cloud trail
   676 | D:1      | XOM: give mutations
   676 | D:1      | Gained mutation: One of your tentacles bears a spike.
                  | [Xom's grace]
   676 | D:1      | Gained mutation: Your muscles are strong. (Str +4, Int/Dex
                  | -1) [Xom's grace]
   676 | D:1      | Gained mutation: Your mind is acute. (Int +4, Str/Dex -1)
                  | [Xom's grace]
   676 | D:1      | Gained mutation: You possess an exceptional clarity of
                  | mind. [Xom's grace]
  1356 | D:1      | XOM: give mutations
  1356 | D:1      | Gained mutation: You are somewhat resistant to further
                  | mutation. [Xom's grace]
  1356 | D:1      | Gained mutation: You are partially covered in iridescent
                  | scales. (AC +2) [Xom's grace]
  1578 | D:2      | Reached skill level 1 in Stealth
  1687 | D:2      | XOM: give mutations
  1687 | D:2      | Lost mutation: You possess an exceptional clarity of mind.
                  | [Xom's mischief]
  1687 | D:2      | Gained mutation: You are occasionally teleported next to
                  | monsters. [Xom's mischief]
  1687 | D:2      | Gained mutation: You sometimes lose your temper in combat.
                  | [Xom's mischief]
  1687 | D:2      | Gained mutation: You are vulnerable to heat. (rF-) [Xom's
                  | mischief]
  1695 | D:2      | Reached XP level 4. HP: 23/33 MP: 4/4
  1959 | D:1      | XOM: scenery: summon butterflies
  2855 | D:1      | XOM: give mutations
  2855 | D:1      | Gained mutation: One of your tentacles bears a nasty spike.
                  | [Xom's grace]
  2855 | D:1      | Gained mutation: Your mind is very acute. (Int +8, Str/Dex
                  | -2) [Xom's grace]
  2855 | D:1      | Gained mutation: Your skin blends seamlessly with your
                  | surroundings (Stealth++). [Xom's grace]
  2984 | D:1      | XOM: god gift: glowing war axe {god gift}
  3145 | D:1      | XOM: give mutations
  3145 | D:1      | Gained mutation: One of your tentacles bears a large
                  | vicious spike. [Xom's grace]
  3145 | D:1      | Gained mutation: You have a pair of small antennae on your
                  | head. [Xom's grace]
  3145 | D:1      | Gained mutation: You are mostly covered in iridescent
                  | scales. (AC +4) [Xom's grace]
  3164 | D:1      | XOM is BORED!
  3168 | D:2      | XOM: give mutations
  3168 | D:2      | Gained mutation: Your body sometimes deteriorates upon
                  | taking damage. [Xom's mischief]
  3168 | D:2      | Lost mutation: You have a pair of small antennae on your
                  | head. [Xom's mischief]
  3179 | D:2      | You fall into a shaft and drop 1 floor!
  3473 | D:2      | Reached skill level 2 in Stealth
  3646 | D:1      | XOM: give mutation
  3646 | D:1      | Gained mutation: You have a pair of small antennae on your
                  | head. [Xom's grace]
  3940 | D:1      | XOM: give mutations
  3940 | D:1      | Lost mutation: You sometimes lose your temper in combat.
                  | [Xom's grace]
  3940 | D:1      | Gained mutation: Your muscles are very strong. (Str +8,
                  | Int/Dex -2) [Xom's grace]
  3940 | D:1      | Gained mutation: Your flesh is cold resistant. (rC+) [Xom's
                  | grace]
  4066 | D:1      | XOM: cloud trail
  4384 | D:1      | XOM: god gift: scroll labelled IKAUKK DACK {god gift}
  4455 | D:1      | XOM: god gift: silver javelin
  4533 | D:1      | XOM: 3-stop teleportation journey
  4827 | D:1      | XOM: 5-stop teleportation journey
  4953 | D:1      | XOM: god gift: staff of air
  5212 | D:1      | XOM: summons 4 hostile shadow creatures
  6179 | D:1      | XOM: silly message
  6229 | D:1      | XOM: give mutations
  6229 | D:1      | Lost mutation: Your body sometimes deteriorates upon taking
                  | damage. [Xom's mischief]
  6229 | D:1      | Lost mutation: One of your tentacles bears a large vicious
                  | spike. [Xom's mischief]
  6229 | D:1      | Lost mutation: You are somewhat resistant to further
                  | mutation. [Xom's mischief]
  6229 | D:1      | Lost mutation: You are mostly covered in iridescent scales.
                  | (AC +4) [Xom's mischief]
  6649 | D:1      | XOM is BORED!
  6710 | D:1      | XOM: god gift: scroll labelled LORHUSOID RULO {god gift}
  7228 | D:1      | XOM: cloud trail
  8634 | D:1      | XOM: give mutations
  8634 | D:1      | Gained mutation: You passively map a small area around you.
                  | [Xom's grace]
  8634 | D:1      | Gained mutation: You are agile. (Dex +4, Str/Int -1) [Xom's
                  | grace]
  8669 | D:1      | XOM: noise
  8801 | D:1      | XOM: silly message
  9329 | D:1      | XOM: noise
 10597 | D:1      | XOM is BORED!
 10674 | D:1      | XOM: cloud trail
 10748 | D:2      | XOM: 1-stop teleportation journey
 10871 | D:2      | Reached XP level 5. HP: 36/37 MP: 5/5
 10893 | D:2      | Found Diavuk's Armour Emporium.
 11138 | D:2      | XOM: silly message
 11188 | D:3      | Reached skill level 3 in Stealth
 11221 | D:3      | Noticed an ogre
 11223 | D:3      | XOM: cast spell 'Alistair's Intoxication'
 11238 | D:3      | Killed an ogre
 11239 | D:3      | Reached skill level 4 in Stealth
 11239 | D:3      | Reached XP level 6. HP: 18/43 MP: 6/6
 11384 | D:3      | XOM: 3-stop teleportation journey
 11409 | D:3      | Found a runed translucent gate.
 11409 | D:3      | Found a runed translucent gate.
 11410 | D:3      | Found a runed translucent gate.
 11417 | D:3      | Noticed Kurtz's ghost (weakling OpFi)
 11431 | D:3      | Found a glowing silver altar of Zin.
 11567 | D:3      | Reached skill level 5 in Stealth
 11569 | D:3      | Noticed Ijyb
 11576 | D:3      | Killed Ijyb
 12005 | D:4      | XOM: chaos cloud
 12006 | D:4      | XOM: confusion (+ monsters)
 12015 | D:4      | XOM: torment (23/43 hp)
 12064 | D:3      | XOM: summons 4 hostile demons
 12065 | D:3      | Noticed a hellwing
 12075 | D:4      | XOM: confusion
 12087 | D:5      | Entered Level 5 of the Dungeon
 12094 | D:4      | Reached skill level 6 in Stealth
 12509 | D:5      | Reached skill level 1 in Evocations
 12513 | D:5      | Reached XP level 7. HP: 47/48 MP: 7/7
 12565 | D:5      | XOM: stat loss: -1 Int (19/20)
 12609 | D:5      | XOM: summons 2 hostile shadow creatures
 12822 | D:5      | Reached skill level 7 in Stealth
 12884 | D:5      | Found the +2 hat of the Bear Spirit {Spirit, Bear, *Rage
                  | Will++}
 12961 | D:5      | Reached skill level 8 in Stealth
 13085 | D:5      | XOM: polymorph adder -> iguana
 13164 | D:5      | Found a burning altar of Makhleb.
 13164 | D:5      | Noticed an Executioner
 13189 | D:5      | XOM: give mutation
 13189 | D:5      | Gained mutation: You have hidden genetic defects. [Xom's
                  | mischief]
 13215 | D:5      | Reached XP level 8. HP: 54/54 MP: 8/8
 13319 | D:6      | Reached skill level 1 in Spellcasting
 13340 | D:6      | Lost mutation: Your muscles are very strong. (Str +8,
                  | Int/Dex -2) [hidden defects]
 13401 | D:6      | XOM: 1-stop teleportation journey
 13453 | D:6      | Reached skill level 5 in Short Blades
 13453 | D:6      | Reached skill level 9 in Stealth
 13515 | D:6      | Found a bloodstained altar of Trog.
 13515 | D:6      | XOM: enchant monster (bad)
 13543 | D:6      | Found a stormy altar of Qazlal.
 13552 | D:6      | XOM: give mutations
 13552 | D:6      | Lost mutation: You are occasionally teleported next to
                  | monsters. [Xom's mischief]
 13552 | D:6      | Lost mutation: You are partially covered in iridescent
                  | scales. (AC +2) [Xom's mischief]
 13595 | D:6      | Gained mutation: Your magical capacity is low. (-10% MP)
                  | [hidden defects]
 13595 | D:6      | Lost mutation: You have hidden genetic defects. [hidden
                  | defects expressed]
 13817 | D:6      | Found a staircase to the Ecumenical Temple.
 13959 | D:6      | Found a shadowy altar of Dithmenos.
 14182 | D:7      | Slain by a gnoll sergeant

Illustrated notes

Levels and vault maps discovered:
D:1:      giann_forest_graveyard, layout_basic, chequers_jeans,
          hangedman_abyss_or_decor_lesser_grid
D:2:      layout_loops_ring, serial_shops, shop
D:3:      layout_basic, zin_academy, gammafunk_ghost_necromancy, uniq_ijyb
D:4:      layout_rooms, minmay_fractal_squares_gapless_5
D:5:      layout_rooms, makhleb_altar_promises_db
D:6:      layout_gridville, kennysheep_mini_moat, mainiacjoe_overflow_chevrons,
          lemuel_coloured_pillars_altar, lemuel_temple_firewalk_b
D:7:      minmay_chambers_of_fours, layout_basic

Skill      XL: |  1  2  3  4  5  6  7  8 |
---------------+-------------------------+-----
Stealth        | 1 2 4 6 8 9 |  9.4
Fighting       | 4 |  4.7
Short Blades   | 4 5 |  5.2
Dodging        | 3 |  3.8
Evocations     | 1 2 3 |  3.4
Spellcasting   | 1 |  1.9

Action                     |  1- 3 |  4- 6 |  7- 9 || total
---------------------------+-------+-------+-------++-------
  Melee: Short sword       |    28 |    11 |    55 ||    94
         Tentacles         |    13 |    15 |    12 ||    40
         Constrict         |    10 |    15 |    15 ||    40
         Dagger            |    39 |    81 |       ||   120
         Kick              |     4 |    26 |    23 ||    53
         Punch             |       |     2 |     1 ||     3
    Use: Scroll            |       |     2 |       ||     2
         Potion            |       |       |     2 ||     2
   Stab: Sleeping          |     3 |    21 |     9 ||    33
         Distracted        |     1 |       |     1 ||     2
 Armour: Skin              |    30 |    31 |    41 ||   102
  Dodge: Dodged            |    37 |    35 |    27 ||    99

Table legend: (Time is in decaauts)
 A = Elapsed time spent in this place.
 B = Non-inter-level travel time spent in this place.
 C = Inter-level travel time spent in this place.
 D = Time resting spent in this place.
 E = Time spent auto-exploring this place.
 F = Levels seen in this place.
 G = Mean time per level.
                   A        B        C        D        E       F      G
               +--------+--------+--------+--------+--------+-----+--------+
         Total |  14180 |  13753 |    427 |   9820 |   3113 |   7 | 2025.7 |
       Dungeon |  14180 |  13753 |    427 |   9820 |   3113 |   7 | 2025.7 |
               +--------+--------+--------+--------+--------+-----+--------+

Top non-repeatable levels by time:
     D:1: 9591 daAuts
     D:2: 1447 daAuts
     D:3: 862 daAuts
     D:6: 817 daAuts
     D:4: 789 daAuts
     D:5: 602 daAuts
     D:7: 70 daAuts
